Construct Section Command Post
Selects Air and Sea Battlegroup
Construct Platoon Command Post
Unlock Bishop Self-propelled Artillery
Bishop Self-propelled Artillery
Selects Centaur Medium Tank
6-pounder Anti-tank Gun Team
Selects Naval Bombardment
Construct Company Command Post
Selects Commando Section Paradrop
Selects M1 Pack Howitzer Paradrop
Unlock M3 Grant Medium Tanks
Construct Field Infirmary
Selects Anti-tank Rocket Loiter
Bishop Self-propelled Artillery